A+ EAST
FREDERICK KEYS @ BROOKLYN CYCLONES
05/18/2042
 
TOP OF THE 1ST
Frederick Keys batting - Pitching for Brooklyn Cyclones : RHP Jim Unknown
Pitching: RHP Jim Unknown
Batting: SHB Greg Foster 0-0: Ball
1-0: DOUBLE (Line Drive, 7LM, EV 90.0 MPH)
Batting: RHB Luis Medellín 0-0: Swinging Strike
0-1: Ball
1-1: Foul Ball, location: 9LSF
1-2: Strikes out looking
Batting: RHB Dave Sanderson 0-0: Called Strike
0-1: Foul Ball, location: 2F
0-2: Ball
1-2: Hit by Pitch
Batting: RHB Ian Harris 0-0: Fly out, F3 (Popup, 3L, EV 65.6 MPH)
Batting: LHB Lonnie Paredes 0-0: Ball
1-0: Ball
2-0: Foul Ball, location: 9LMF
2-1: Ball
3-1: Base on Balls
Greg Foster to third
Dave Sanderson to second
Batting: RHB Chris Ferguson 0-0: Ball
1-0: Ball
2-0: Called Strike
2-1: Ball
3-1: Foul Ball, location: 7LDF
3-2: Strikes out swinging
Top of the 1st over - 0 runs, 1 hit, 0 errors, 3 left on base; Frederick 0 - Brooklyn 0
BOTTOM OF THE 1ST
Brooklyn Cyclones batting - Pitching for Frederick Keys : LHP Esteban Martínez
Pitching: LHP Esteban Martínez
Batting: RHB Augusto López 0-0: Ball
1-0: Called Strike
1-1: Ball
2-1: Ball
3-1: Base on Balls
Batting: RHB Al Harrell Pickoff Play to 1st, Runner tries for 2nd, OUT after rundown.
0-0: Ball
1-0: Ball
2-0: Ground out 6-3 (Groundball, 6, EV 98.8 MPH)
Batting: RHB David Juárez 0-0: Called Strike
0-1: Foul Ball, location: 2F
0-2: Strikes out swinging
Bottom of the 1st over - 0 runs, 0 hits, 0 errors, 0 left on base; Frederick 0 - Brooklyn 0
TOP OF THE 2ND
Frederick Keys batting - Pitching for Brooklyn Cyclones : RHP Jim Unknown
Batting: RHB Jonathan Aguilar 0-0: Called Strike
0-1: Ball
1-1: Ball
2-1: Fly out, F9 (Flyball, 89M, EV 73.8 MPH)
Batting: LHB A.R. Higgins 0-0: Ball
1-0: Called Strike
1-1: Ground out 6-3 (Groundball, 6M, EV 83.1 MPH)
Batting: RHB Dave Hayes 0-0: Ball
1-0: Swinging Strike
1-1: Foul Ball, location: 7LMFF
1-2: Ball
2-2: Fly out, F3 (Popup, 3S, EV 73.1 MPH)
Top of the 2nd over - 0 runs, 0 hits, 0 errors, 0 left on base; Frederick 0 - Brooklyn 0
BOTTOM OF THE 2ND
Brooklyn Cyclones batting - Pitching for Frederick Keys : LHP Esteban Martínez
Batting: LHB Jim Unknown 0-0: Ball
1-0: Foul Ball, location: 2F
1-1: Foul Ball, location: 25F
1-2: Ball
2-2: Ball
3-2: Base on Balls
Batting: LHB Jim Unknown 0-0: Grounds into double play, 5-4-3 (Groundball, 56, EV 81.3 MPH)
Batting: SHB Jim Unknown 0-0: Called Strike
0-1: Ball
1-1: Swinging Strike
1-2: Ball
2-2: Foul Ball, location: 9LMF
2-2: Ball
3-2: SINGLE (Line Drive, 89S, EV 93.8 MPH)
Batting: RHB Dave Prince 0-0: Ball
1-0: Swinging Strike
1-1: Called Strike
1-2: Ball
2-2: Ball
3-2: Fly out, F3 (Popup, 34, EV 63.1 MPH)
Bottom of the 2nd over - 0 runs, 1 hit, 0 errors, 1 left on base; Frederick 0 - Brooklyn 0
TOP OF THE 3RD
Frederick Keys batting - Pitching for Brooklyn Cyclones : RHP Jim Unknown
Batting: SHB Greg Foster 0-0: Called Strike
0-1: Ball
1-1: Ground out 6-3 (Groundball, 4M, EV 83.1 MPH)
Batting: RHB Luis Medellín 0-0: Ball
1-0: Fly out, F8 (Flyball, 8LS, EV 90.6 MPH)
Batting: RHB Dave Sanderson 0-0: Called Strike
0-1: Called Strike
0-2: Ball
1-2: DOUBLE (Flyball, 78D, EV 95.0 MPH)
Batting: RHB Ian Harris 0-0: Ball
1-0: Ball
2-0: Ball
3-0: Base on Balls
Batting: LHB Lonnie Paredes 0-0: Ball
1-0: Ball
2-0: Ball
3-0: Base on Balls
Dave Sanderson to third
Ian Harris to second
Batting: RHB Chris Ferguson 0-0: Swinging Strike
0-1: Foul Ball, location: 5FF
0-2: Foul Ball, location: 5FF
0-2: Ball
1-2: Foul Ball, location: 7LMF
1-2: Strikes out looking
Top of the 3rd over - 0 runs, 1 hit, 0 errors, 3 left on base; Frederick 0 - Brooklyn 0
BOTTOM OF THE 3RD
Brooklyn Cyclones batting - Pitching for Frederick Keys : LHP Esteban Martínez
Batting: RHB Jim Unknown 0-0: Ball
1-0: Called Strike
1-1: Ball
2-1: Foul Ball, location: 25F
2-2: Foul Ball, location: 2F
2-2: Ground out 1-3 (Groundball, 13S, EV 65.0 MPH)
Batting: RHB Jim Unknown 0-0: Called Strike
0-1: Ball
1-1: Called Strike
1-2: Foul Ball, location: 5DF
1-2: Ball
2-2: Strikes out swinging
Batting: RHB Augusto López 0-0: Ball
1-0: Foul Ball, location: 5FF
1-1: Foul Ball, location: 2F
1-2: Ball
2-2: Ball
3-2: Base on Balls
Batting: RHB Al Harrell 0-0: Foul Ball, location: 9LMF
0-1: Ball
1-1: Fielders Choice at 2nd, 5-4 (Groundball, 56, EV 106.3 MPH)
Bottom of the 3rd over - 0 runs, 0 hits, 0 errors, 1 left on base; Frederick 0 - Brooklyn 0
TOP OF THE 4TH
Frederick Keys batting - Pitching for Brooklyn Cyclones : RHP Jim Unknown
Batting: RHB Jonathan Aguilar 0-0: Called Strike
0-1: Foul Ball, location: 3FF
0-2: Strikes out swinging
Batting: LHB A.R. Higgins 0-0: Swinging Strike
0-1: SINGLE (Line Drive, 4MD, EV 97.5 MPH)
Batting: RHB Dave Hayes 0-0: Called Strike
0-1: Ball
1-1: Foul Ball, location: 5F
1-2: Strikes out swinging
Batting: SHB Greg Foster 0-0: Ground out 4-3 (Groundball, 4, EV 91.9 MPH)
Top of the 4th over - 0 runs, 1 hit, 0 errors, 1 left on base; Frederick 0 - Brooklyn 0
BOTTOM OF THE 4TH
Brooklyn Cyclones batting - Pitching for Frederick Keys : LHP Esteban Martínez
Batting: RHB David Juárez 0-0: Ball
1-0: Ball
2-0: Ball
3-0: Called Strike
3-1: SINGLE (Line Drive, 5D, EV 74.4 MPH)
Batting: LHB Jim Unknown 0-0: Swinging Strike
0-1: Called Strike
0-2: Strikes out swinging
Batting: LHB Jim Unknown 0-0: Foul Ball, location: 3DF
0-1: Fly out, F7 (Flyball, 7S, EV 94.4 MPH)
Batting: SHB Jim Unknown 0-0: Ball
1-0: Fly out, F9 (Flyball, 89S, EV 83.8 MPH)
Bottom of the 4th over - 0 runs, 1 hit, 0 errors, 1 left on base; Frederick 0 - Brooklyn 0
TOP OF THE 5TH
Frederick Keys batting - Pitching for Brooklyn Cyclones : RHP Jim Unknown
Batting: RHB Luis Medellín 0-0: Foul Ball, location: 2F
0-1: Called Strike
0-2: Ball
1-2: Foul Ball, location: 2F
1-2: Ball
2-2: Ball
3-2: Base on Balls
Batting: RHB Dave Sanderson 0-0: Foul Ball, location: 3F
0-1: Ball
1-1: 2-RUN HOME RUN (Flyball, 9D, EV 102.5 MPH), Distance : 386 ft
Batting: RHB Ian Harris 0-0: Ball
1-0: Ball
2-0: Ball
3-0: Ground out 6-3 (Groundball, 56, EV 107.5 MPH)
Batting: LHB Lonnie Paredes 0-0: Called Strike
0-1: Foul Ball, location: 2F
0-2: Ball
1-2: Ball
2-2: Ball
3-2: Foul Ball, location: 5F
3-2: Foul Ball, location: 3DF
3-2: Strikes out looking
Batting: RHB Chris Ferguson 0-0: Ground out 6-3 (Groundball, 56, EV 84.4 MPH)
Top of the 5th over - 2 runs, 1 hit, 0 errors, 0 left on base; Frederick 2 - Brooklyn 0
BOTTOM OF THE 5TH
Brooklyn Cyclones batting - Pitching for Frederick Keys : LHP Esteban Martínez
Batting: RHB Dave Prince 0-0: Ball
1-0: Ball
2-0: Ground out 5-3 (Groundball, 5L, EV 107.5 MPH)
Batting: RHB Jim Unknown 0-0: Called Strike
0-1: Called Strike
0-2: Ball
1-2: Ball
2-2: Ball
3-2: Foul Ball, location: 9LSF
3-2: Foul Ball, location: 2F
3-2: Fly out, F8 (Flyball, 8RM, EV 75.0 MPH)
Batting: RHB Jim Unknown 0-0: Ball
1-0: Ball
2-0: Called Strike
2-1: Swinging Strike
2-2: Fly out, F8 (Flyball, 8LD, EV 110.6 MPH)
Bottom of the 5th over - 0 runs, 0 hits, 0 errors, 0 left on base; Frederick 2 - Brooklyn 0
TOP OF THE 6TH
Frederick Keys batting - Pitching for Brooklyn Cyclones : RHP Jim Unknown
Batting: RHB Jonathan Aguilar 0-0: Ball
1-0: Foul Ball, location: 9LMF
1-1: SINGLE (Groundball, 4MD, EV 94.4 MPH)
Batting: LHB A.R. Higgins 0-0: Called Strike
0-1: Foul Ball, location: 23F
0-2: DOUBLE (Line Drive, 7LM, EV 91.9 MPH)
Jonathan Aguilar to third
Batting: RHB Dave Hayes 0-0: Ball
1-0: Ball
2-0: Called Strike
2-1: Foul Ball, location: 5F
2-2: Ball
3-2: Base on Balls
Pitching: LHP Jim Unknown
Batting: SHB Greg Foster 0-0: Called Strike
0-1: Foul Ball, location: 5F
0-2: Ball
1-2: DOUBLE (Line Drive, 89M, EV 87.5 MPH)
Jonathan Aguilar scores
A.R. Higgins scores
Dave Hayes to third
Batting: RHB Luis Medellín 0-0: Ball
1-0: Ball
Balk!
Dave Hayes scores
Greg Foster to third
2-0: Foul Ball, location: 2F
2-1: Foul Ball, location: 2F
2-2: Ball
3-2: Strikes out swinging
Batting: RHB Dave Sanderson 0-0: Ball
1-0: Called Strike
1-1: Ball
2-1: Ball
3-1: Base on Balls
Batting: RHB Ian Harris 0-0: Foul Ball, location: 2F
0-1: Ball
1-1: Called Strike
1-2: Ball
2-2: Ball
3-2: Foul Ball, location: 3FF
3-2: Base on Balls
Dave Sanderson to second
Batting: LHB Lonnie Paredes 0-0: Swinging Strike
0-1: Ball
1-1: Ball
2-1: Single, Error in OF, E8, batter to second base (Groundball, 4MD, EV 96.9 MPH)
Greg Foster scores
Dave Sanderson scores
Ian Harris to third
Batting: RHB Chris Ferguson 0-0: Foul Ball, location: 3F
0-1: Ball
1-1: Ball
2-1: Called Strike
2-2: Strikes out swinging
Batting: RHB Jonathan Aguilar 0-0: Foul Ball, location: 2F
0-1: Foul Ball, location: 2F
0-2: Strikes out swinging
Top of the 6th over - 5 runs, 4 hits, 1 error, 2 left on base; Frederick 7 - Brooklyn 0
BOTTOM OF THE 6TH
Brooklyn Cyclones batting - Pitching for Frederick Keys : LHP Esteban Martínez
Batting: RHB Augusto López 0-0: Called Strike
0-1: Ground out 6-3 (Groundball, 6, EV 100.6 MPH)
Batting: RHB Al Harrell 0-0: Ball
1-0: Ball
2-0: Called Strike
2-1: Called Strike
2-2: Ball
3-2: Base on Balls
Pitching: RHP Jim Thompson
Batting: RHB David Juárez 0-0: Called Strike
0-1: Ball
1-1: Called Strike
1-2: Ball
2-2: Strikes out swinging
Batting: LHB Jim Unknown 0-0: Ball
1-0: Ball
2-0: Ball
3-0: Foul Ball, location: 3DF
3-1: Foul Ball, location: 7LMF
3-2: Strikes out looking
Bottom of the 6th over - 0 runs, 0 hits, 0 errors, 1 left on base; Frederick 7 - Brooklyn 0
TOP OF THE 7TH
Frederick Keys batting - Pitching for Brooklyn Cyclones : LHP Jim Unknown
Batting: LHB A.R. Higgins 0-0: Ball
1-0: Called Strike
1-1: Ball
2-1: Ground out 4-3 (Groundball, 4, EV 106.9 MPH)
Batting: RHB Dave Hayes 0-0: Ball
1-0: Ball
2-0: Called Strike
2-1: Ball
3-1: Foul Ball, location: 7LMFF
3-2: Foul Ball, location: 2F
3-2: Foul Ball, location: 2F
3-2: Base on Balls
Batting: SHB Greg Foster 0-0: Called Strike
0-1: Fly out, F8 (Flyball, 8RD, EV 82.5 MPH)
Batting: RHB Luis Medellín 0-0: Ball
1-0: Ball
2-0: Called Strike
2-1: Swinging Strike
2-2: Strikes out swinging
Top of the 7th over - 0 runs, 0 hits, 0 errors, 1 left on base; Frederick 7 - Brooklyn 0
BOTTOM OF THE 7TH
Brooklyn Cyclones batting - Pitching for Frederick Keys : RHP Jim Thompson
Pinch Hitting: RHB Jim Unknown 0-0: Fly out, F9 (Flyball, 9D, EV 86.3 MPH)
Pinch Hitting: RHB Jim Unknown 0-0: Called Strike
0-1: Foul Ball, location: 5DF
0-2: Ball
1-2: Ball
2-2: Ball
3-2: Foul Ball, location: 5F
3-2: Foul Ball, location: 2F
3-2: Base on Balls
Batting: RHB Dave Prince 0-0: Ball
1-0: Ball
2-0: Called Strike
2-1: Called Strike
2-2: Strikes out swinging
Pinch Hitting: SHB Jim Unknown 0-0: Swinging Strike
0-1: Foul Ball, location: 2F
0-2: Strikes out swinging
Bottom of the 7th over - 0 runs, 0 hits, 0 errors, 1 left on base; Frederick 7 - Brooklyn 0
TOP OF THE 8TH
Frederick Keys batting - Pitching for Brooklyn Cyclones : LHP Jim Unknown
Now at 1B: David Juárez
Now at 3B: Augusto López
Now at SS: Jim Unknown
Now in LF: Al Harrell
Now in CF: Jim Unknown
Now in RF: Jim Unknown
Batting: RHB Dave Sanderson 0-0: Foul Ball, location: 3SF
0-1: Ground out 5-3 (Groundball, 25, EV 78.8 MPH)
Pinch Hitting: RHB Raúl Lugo 0-0: Called Strike
0-1: Hit by Pitch
Pitching: RHP Jim Unknown
Pinch Hitting: RHB Ken Cole 0-0: Ball
Raúl Lugo steals 2nd base (no throw)
1-0: Ball
2-0: Ball
3-0: Called Strike
3-1: Called Strike
3-2: Foul Ball, location: 3FF
3-2: Ground out 1-3 (Groundball, 15, EV 69.4 MPH)
Pinch Hitting: LHB Rob Sackett 0-0: Ball
1-0: Ball
2-0: Called Strike
2-1: 2-RUN HOME RUN (Flyball, 9D, EV 95.0 MPH), Distance : 369 ft
Batting: RHB Jonathan Aguilar 0-0: Ball
1-0: Foul Ball, location: 2F
1-1: Swinging Strike
1-2: Strikes out swinging
Top of the 8th over - 2 runs, 1 hit, 0 errors, 0 left on base; Frederick 9 - Brooklyn 0
BOTTOM OF THE 8TH
Brooklyn Cyclones batting - Pitching for Frederick Keys : RHP Jim Thompson
Now at 1B: Raúl Lugo
Now at 2B: Quentin Nixon
Now in RF: Mike Bean
Batting: LHB Jim Unknown 0-0: Ball
1-0: SINGLE (Groundball, 6MD, EV 105.0 MPH)
Pinch Hitting: RHB Jim Unknown 0-0: Called Strike
0-1: Foul Ball, location: 2F
0-2: Foul Ball, location: 25F
0-2: Strikes out looking
Pinch Hitting: RHB Jim Unknown 0-0: Foul Ball, location: 2F
0-1: Ball
1-1: Called Strike
1-2: Foul Ball, location: 2F
1-2: Ball
2-2: Strikes out swinging
Pinch Hitting: RHB Jim Unknown 0-0: Foul Ball, location: 7LSF
0-1: Ball
1-1: Foul Ball, location: 9LMF
1-2: Foul Ball, location: 2F
1-2: Ball
2-2: Fly out, F8 (Flyball, 89M, EV 93.8 MPH)
Bottom of the 8th over - 0 runs, 1 hit, 0 errors, 1 left on base; Frederick 9 - Brooklyn 0
TOP OF THE 9TH
Frederick Keys batting - Pitching for Brooklyn Cyclones : RHP Jim Unknown
Now at 1B: Jim Unknown
Now at 3B: Jim Unknown
Now in LF: Jim Unknown
Batting: LHB A.R. Higgins 0-0: Called Strike
0-1: Ground out 6-3 (Groundball, 6, EV 88.1 MPH)
Batting: RHB Dave Hayes 0-0: Foul Ball, location: 5FF
0-1: Swinging Strike
0-2: Ball
1-2: Strikes out swinging
Batting: SHB Greg Foster 0-0: Called Strike
0-1: Ball
1-1: Foul Ball, location: 5FF
1-2: Strikes out swinging
Top of the 9th over - 0 runs, 0 hits, 0 errors, 0 left on base; Frederick 9 - Brooklyn 0
BOTTOM OF THE 9TH
Brooklyn Cyclones batting - Pitching for Frederick Keys : RHP Jim Thompson
Pinch Hitting: SHB Jim Unknown 0-0: Foul Ball, location: 7LMF
0-1: Called Strike
0-2: Ball
1-2: Foul Ball, location: 2F
1-2: Ball
2-2: Ball
3-2: Strikes out swinging
Pinch Hitting: LHB Jim Unknown 0-0: Ball
1-0: Swinging Strike
1-1: Ball
2-1: Ball
3-1: Foul Ball, location: 7LMF
3-2: Base on Balls
Pitching: RHP Juan Martínez
Pinch Hitting: LHB Jim Unknown 0-0: Called Strike
0-1: SINGLE (Flyball, 4MD, EV 93.8 MPH)
Jim Unknown to second
Pinch Hitting: RHB Jim Unknown 0-0: Foul Ball, location: 2F
0-1: Ball
1-1: Grounds into double play, U6-3 (Groundball, 4M, EV 81.9 MPH)
Bottom of the 9th over - 0 runs, 1 hit, 0 errors, 1 left on base; Frederick 9 - Brooklyn 0
Wednesday, May 1st , 2024 - OOTP Baseball 24.10 Build 82